 Dungeon Crawl Stone Soup version 0.28-a0-1594-ga885d4b3d6 (webtiles) character file.

Game seed: 8499500443709903676

337 Sweetruy1997 the Chopper (level 6, -2/55 (56) HPs)
             Began as a Deep Dwarf Berserker on Jan 20, 2022.
             Was a Believer of Trog.
             Slain by a scorpion (4 damage)
             ... on level 4 of the Dungeon.
             The game lasted 00:11:01 (2161 turns).

Sweetruy1997 the Chopper (Deep Dwarf Berserker)     Turns: 2161, Time: 00:11:02

HP:   -2/55 (56)    AC:  6    Str: 19 (21) XL:     6   Next: 28%
MP:   5/5           EV: 11    Int:  8 (9)  God:    Trog [**....]
Gold: 102           SH:  3    Dex:  9 (12) Spells: 5/5 levels left

rFire   . . .      SeeInvis .   a - +0 hand axe
rCold   . . .      Faith    .   c - +0 buckler
rNeg    . . .      Spirit   .   i - +0 ring mail
rPois   .          Reflect  .   f - +0 helmet
rElec   .          Harm     .   k - scarf {shadows}
rCorr   .          Rampage  .   (no gloves)
Will    ++...                   (no boots)
Stlth   +.........              (no amulet)
HPRegen 1.00/turn               j - ring of flight
MPRegen 0.09/turn               (no ring)

@: lethally poisoned (-2 -> -2), strong-willed, on berserk cooldown, flying,
regenerating, hasted and slowed, lightly drained
A: damage resistance, heal wounds, sense surroundings 1, no regeneration
a: Heal Wounds, Renounce Religion, Berserk, Trog's Hand


You were on level 4 of the Dungeon.
You worshipped Trog.
Trog was pleased with you.
You visited 1 branch of the dungeon, and saw 4 of its levels.

You collected 102 gold pieces.

Inventory:

Hand Weapons
 a - a +0 hand axe (weapon)
Armour
 c - a +0 buckler (worn)
 f - a +0 helmet (worn)
 i - a +0 ring mail (worn)
 k - a scarf of shadows (worn)
Jewellery
 j - a ring of flight (left hand)
Scrolls
 h - a scroll of teleportation {unknown}
 l - a scroll of blinking {unknown}
Potions
 b - a potion of magic
 e - a potion of cancellation


   Skills:
 - Level 3.0 Fighting
 + Level 5.5 Axes
 + Level 2.4 Throwing
 + Level 3.0 Armour
 + Level 3.4 Dodging
 + Level 1.1 Stealth
 + Level 1.3 Shields


You had 5 spell levels left.
You didn't know any spells.
Your spell library was empty.

Dungeon Overview and Level Annotations

Branches:
Dungeon (4/15)
 Temple: D:4-7

Altars:

Shops:
D:2 (


Innate Abilities, Weirdness & Mutations

You are resistant to damage.
You can heal yourself by infusing magical energy.
You passively map a small area around you.
You do not regenerate.


Message History

The iguana bites you! The scorpion closely misses you.
You hit the iguana.
The iguana is severely wounded.
You barely miss the scorpion. The scorpion stings you.
You are poisoned.
The scorpion poisons you! The iguana barely misses you.
You block the scorpion's attack.
The iguana bites you but does no damage.
You're still recovering from your berserk rage.
You hit the iguana but do no damage.
The iguana is heavily wounded.
You hit the scorpion but do no damage. The scorpion stings you!
You are more poisoned.
The scorpion poisons you! The iguana bites you! The scorpion stings you!
* * * LOW HITPOINT WARNING * * *
The iguana bites you.
It was a potion of degeneration.
There was something very wrong with that liquid.
You feel weakened.
You feel dopey.
You feel clumsy.
You feel sick.
The scorpion stings you but does no damage.
The iguana closely misses you. The scorpion stings you.
* * * LOW HITPOINT WARNING * * *
It was a potion of haste.
You feel yourself speed up.
The scorpion stings you but does no damage.
The iguana bites you!
* * * LOW HITPOINT WARNING * * *
The scorpion closely misses you. The iguana closely misses you.
You hit the scorpion.
The scorpion is moderately wounded.
You hit the iguana but do no damage. The scorpion stings you.
The iguana closely misses you.
You closely miss the scorpion.
The scorpion is moderately wounded.
You hit the iguana but do no damage. The scorpion barely misses you.
You block the iguana's attack.
Your skin crawls.
You feel strong-willed. The scorpion stings you.
You die...

, * , , , ..
........ , #.#
........ * ....
#..(....
....##....... ,
.....#....... ,
,.....ls...... ,
#@##.... ,
##.....#* * *
##....#.#
#######........#
,
.......)........
,
#.....<[........
,
######.[.......#
* , *
#............ *
..............#
,


You could see a scorpion and an iguana.

Vanquished Creatures
  A necrophage (D:4)
  2 orc priests
  Terence (D:2)
  2 orc wizards (D:3)
  2 adders
  3 worms (D:2)
  4 dart slugs
  12 orcs
  3 endoplasms
  4 giant cockroaches
  3 goblins
  7 hobgoblins
  3 jackals (D:1)
  6 quokkas
  5 ball pythons
  3 bats
  4 frilled lizards
  8 kobolds
  5 rats
78 creatures vanquished.

Notes
Turn   | Place    | Note
-------+----------+-------------------------------------------
     0 | D:1      | Sweetruy1997 the Deep Dwarf Berserker began the quest for
                  | the Orb.
     0 | D:1      | Reached XP level 1. HP: 20/20 MP: 1/1
    80 | D:1      | Found a faded altar of an unknown god.
   116 | D:1      | Reached XP level 2. HP: 14/27 MP: 2/2
   809 | D:2      | Reached XP level 3. HP: 25/34 MP: 2/2
   839 | D:2      | Reached skill level 4 in Axes
   917 | D:2      | Reached ** piety under Trog
   928 | D:2      | Found Inemin's Antique Weapon Emporium.
  1155 | D:2      | Noticed Terence
  1162 | D:2      | Killed Terence
  1163 | D:2      | Reached skill level 1 in Throwing
  1163 | D:2      | Reached XP level 4. HP: 42/42 MP: 3/3
  1941 | D:3      | Reached skill level 1 in Stealth
  1941 | D:3      | Reached skill level 1 in Shields
  1941 | D:3      | Reached XP level 5. HP: 43/49 MP: 4/4
  2118 | D:4      | Reached skill level 5 in Axes
  2119 | D:4      | Noticed a necrophage
  2131 | D:4      | Killed a necrophage
  2132 | D:4      | Reached XP level 6. HP: 55/55 MP: 5/5
  2158 | D:4      | HP: 1/55 [iguana (9)]
  2161 | D:4      | Slain by a scorpion

Illustrated notes

Levels and vault maps discovered:
D:1:      lightli_arrival_quake, layout_basic,
          shapermc_ecumenical_altar_mp_urbaneastern, minmay_liquid_box,
          minmay_misc_feat_plants
D:2:      layout_rooms, serial_shops, shop, uniq_terence
D:3:      minmay_skewed_foursquare, layout_basic
D:4:      layout_rooms, minmay_cupped

Skill      XL: |  1  2  3  4  5 |
---------------+----------------+-----
Fighting       | 3 |  3.0
Axes           | 4 5 |  5.5
Dodging        | 3 |  3.4
Throwing       | 1 2 |  2.4
Stealth        | 1 |  1.1
Shields        | 1 |  1.3
Armour         | 3 |  3.0

Action                   |  1- 3 |  4- 6 || total
-------------------------+-------+-------++-------
Melee: Hand axe          |   109 |    93 ||   202
Throw: Boomerang         |    40 |    33 ||    73
Invok: Berserk           |     2 |     2 ||     4
       Trog's Hand       |       |     4 ||     4
 Abil: Heal Wounds       |     3 |       ||     3
  Use: Scroll            |       |     3 ||     3
       Potion            |       |     3 ||     3
Armor: Animal skin       |    24 |       ||    24
       Ring mail         |       |    29 ||    29
Dodge: Dodged            |    91 |    51 ||   142
Block: Buckler           |    19 |    14 ||    33

Table legend: (Time is in decaauts)
 A = Elapsed time spent in this place.
 B = Non-inter-level travel time spent in this place.
 C = Inter-level travel time spent in this place.
 D = Time resting spent in this place.
 E = Time spent auto-exploring this place.
 F = Levels seen in this place.
 G = Mean time per level.
                   A        B        C        D        E       F      G
               +--------+--------+--------+--------+--------+-----+--------+
         Total |   2250 |   2210 |     40 |    107 |   1490 |   4 |  562.5 |
       Dungeon |   2250 |   2210 |     40 |    107 |   1490 |   4 |  562.5 |
               +--------+--------+--------+--------+--------+-----+--------+

Top non-repeatable levels by time:
     D:1: 806 daAuts
     D:3: 777 daAuts
     D:2: 610 daAuts
     D:4: 56 daAuts
